 Dungeon Crawl Stone Soup version 0.21.1-1-g345015f (webtiles) character file.

394 theblackcape the Magician (level 6, -5/47 HPs)
             Began as a Gnoll Wanderer on June 22, 2018.
             Was an Initiate of Ashenzari.
             Slain by a hornet zombie (10 damage)
             ... on level 5 of the Dungeon.
             The game lasted 00:19:46 (5812 turns).

theblackcape the Magician (Gnoll Wanderer)          Turns: 5812, Time: 00:19:47

Health: -5/47      AC:  7    Str: 14    XL:     6   Next: 81%
Magic:  6/16       EV: 12    Int: 16    God:    Ashenzari [......]
Gold:   166        SH:  0    Dex: 15    Spells: 9/19 levels left

rFire    + . .     SeeInvis +   x - -2 flail (curse)
rCold    + + +     Gourm    .   (no shield)
rNeg     . . .     Faith    .   t - +1 leather armour {rC+}
rPois    .         Spirit   .   g - +2 helmet {SInv}
rElec    .         Reflect  .   m - scarf {rC+ rF+} (curse)
rCorr    .         Harm     .   (no gloves)
MR       .....                  (no boots)
Stlth    +++.......             (no amulet)
HPRegen  0.15/turn              i - ring of protection from cold (curse)
MPRegen  0.15/turn              (no ring)

@: no status effects
A: distributed training, fangs 1, strong nose
a: Curse Item, Renounce Religion


You were on level 5 of the Dungeon.
You worshipped Ashenzari.
Ashenzari was noncommittal.
You were not hungry.

You visited 2 branches of the dungeon, and saw 6 of its levels.

You collected 166 gold pieces.

Inventory:

Hand Weapons
 d - a +0 dagger
 x - a cursed -2 flail (weapon)
Armour
 g - a +2 helmet of see invisible (worn)
 m - a cursed scarf of resistance (worn)
 t - a +1 leather armour of cold resistance (worn)
Jewellery
 i - a cursed ring of protection from cold (left hand)
Wands
 c - a wand of random effects (29)
 v - a wand of flame (17)
 A - a wand of iceblast (8)
 E - a wand of disintegration (1)
Scrolls
 e - a scroll of immolation {unknown}
 h - 3 scrolls of identify
 j - 3 scrolls of fear {unknown}
 l - 2 scrolls of fog
 p - 2 scrolls of enchant armour {unknown}
 q - a scroll of noise {unknown}
 u - 4 scrolls of teleportation {unknown}
 w - a scroll of remove curse
 y - a scroll of blinking {unknown}
 C - a scroll of amnesia {unknown}
Potions
 b - 2 potions of lignification
 k - a potion of haste {unknown}
 n - a potion of magic {unknown}
 o - a potion of heal wounds {unknown}
 r - a potion of curing {unknown}
 s - a potion of cancellation {unknown}
 z - a potion of might
 B - a potion of mutation {unknown}
 F - a potion of brilliance {unknown}
Books
 a - a book of Minor Magic

   Spells                             Type                      Level
   a - Magic Dart                     Conjuration                  1
   b - Blink                          Translocation                2
   c - Call Imp                       Summoning                    2
   d - Slow                           Hexes                        2
   e - Conjure Flame                  Conjuration/Fire             3
   f - Mephitic Cloud                 Conjuration/Poison/Air       3
Comestibles
 f - 9 rations
 D - 5 chunks of flesh


   Skills:
 + Level 3.3 Fighting
 + Level 2.1 Short Blades
 + Level 5.0 Long Blades
 + Level 2.1 Axes
 + Level 2.1 Maces & Flails
 + Level 2.1 Polearms
 + Level 2.1 Staves
 + Level 2.1 Slings
 + Level 2.1 Bows
 + Level 2.1 Crossbows
 + Level 2.1 Throwing
 + Level 2.1 Armour
 + Level 2.1 Dodging
 + Level 6.3 Stealth
 + Level 3.3 Shields
 + Level 2.1 Unarmed Combat
 + Level 7.4 Spellcasting
 + Level 1.6 Conjurations
 + Level 1.6 Hexes
 + Level 1.6 Charms
 + Level 1.6 Summonings
 + Level 1.6 Necromancy
 + Level 1.6 Translocations
 + Level 1.6 Transmutations
 + Level 1.6 Fire Magic
 + Level 1.6 Ice Magic
 + Level 1.6 Air Magic
 + Level 1.6 Earth Magic
 + Level 1.6 Poison Magic
 + Level 2.3 Invocations
 + Level 2.1 Evocations


You had 9 spell levels left.
You knew the following spells:

 Your Spells              Type           Power        Failure   Level  Hunger
a - Call Imp              Summ           ##......     11%         2    None
b - Conjure Flame         Conj/Fire      ##......     22%         3    ##.....
c - Mephitic Cloud        Conj/Pois/Air  ##......     22%         3    ##.....
d - Slow                  Hex            ##......     11%         2    None


Dungeon Overview and Level Annotations

Branches:
Dungeon (5/15)             Temple (1/1) D:4

Altars:
Ashenzari
Dithmenos
Elyvilon
Fedhas
Gozag
Hepliaklqana
Nemelex Xobeh
Qazlal
Ru
Sif Muna
Vehumet
Xom
Yredelemnul
The Shining One


Innate Abilities, Weirdness & Mutations

Your experience applies equally to all skills.
You have very sharp teeth.
Your uncanny sense of smell can sniff out nearby items.


Message History

Your crimson imp closely misses the orc warrior.
Found an uncursed ring of resist corrosion.
The orc warrior closely misses your crimson imp.
Your crimson imp blinks!
The hornet zombie misses you.
The hornet zombie hits you but does no damage.
You barely miss the hornet zombie.
The hornet zombie hits you but does no damage.
You closely miss the hornet zombie. The hornet zombie hits you!
* * * LOW HITPOINT WARNING * * *
The hornet zombie closely misses you.
You barely miss the hornet zombie. The hornet zombie hits you.
* * * LOW HITPOINT WARNING * * *
Your crimson imp blinks!
The hornet zombie hits you.
* * * LOW HITPOINT WARNING * * *
You hit the hornet zombie.
The hornet zombie is lightly damaged.
The hornet zombie hits you!
You die...

..# #.# #.# #.#
#'####
.....#############
.....#..oooo5..o.#
.....#5#########.#
....ยง'...# #@#
.....#o#.# #Z#
....##o#.# #.#
....##.#.# #5#
....##.#.# #.#
....##.#.. ..#
###.##.###### ###
+.....o.......
###.....######


You could see an orc warrior, a hornet zombie and a friendly crimson imp.

Vanquished Creatures
  A howler monkey (D:4)
  An orc priest (D:3)
  An orc wizard (D:4)
  A centaur skeleton (D:4)
  Ijyb (D:3)
  A worker ant (D:4)
  An adder (D:2)
  A worm (D:2)
  A dart slug (D:2)
  2 leopard geckos (D:2)
  4 orcs
  2 giant cockroaches
  4 hobgoblins
  8 jackals
  9 kobolds
  A quokka (D:3)
  2 ball pythons (D:1)
  9 bats
  5 frilled lizards
  4 goblins
  4 rats
  A butterfly (D:4)
64 creatures vanquished.

Vanquished Creatures (collateral kills)
  An ogre (D:5)
  The ghost of dscm the Grave Robber, an amateur DsNe (D:4)
  A scorpion (D:5)
  A crimson imp (D:5)
  3 adders
  2 worms
  A dart slug (D:4)
  A leopard gecko (D:5)
  4 orcs
  3 jackals (D:2)
  A quokka (D:3)
  2 kobolds (D:3)
21 creatures vanquished.

Vanquished Creatures (others)
  A kobold (D:3)
1 creature vanquished.

Grand Total: 86 creatures vanquished

Notes
Turn   | Place    | Note
-------+----------+-------------------------------------------
     0 | D:1      | theblackcape the Gnoll Wanderer began the quest for the Orb.
     0 | D:1      | theblackcape set off with: a book of Minor Magic, 2 potions of lignification, a +0 robe, a +0 dagger, a ration
     0 | D:1      | Reached XP level 1. HP: 17/17 MP: 8/8
    99 | D:1      | Reached XP level 2. HP: 13/23 MP: 10/10
   526 | D:1      | Learned a level 2 spell: Call Imp
  1185 | D:2      | Reached XP level 3. HP: 18/28 MP: 11/11
  1481 | D:2      | Reached skill level 1 in Invocations
  1557 | D:2      | Found a blossoming altar of Fedhas.
  1855 | D:2      | Reached skill level 1 in Short Blades
  1855 | D:2      | Reached skill level 1 in Axes
  1855 | D:2      | Reached skill level 1 in Maces & Flails
  1855 | D:2      | Reached skill level 1 in Polearms
  1855 | D:2      | Reached skill level 1 in Staves
  1855 | D:2      | Reached skill level 1 in Slings
  1855 | D:2      | Reached skill level 1 in Bows
  1855 | D:2      | Reached skill level 1 in Crossbows
  1855 | D:2      | Reached skill level 1 in Throwing
  1855 | D:2      | Reached skill level 1 in Armour
  1855 | D:2      | Reached skill level 1 in Dodging
  1855 | D:2      | Reached skill level 1 in Unarmed Combat
  1855 | D:2      | Reached skill level 1 in Evocations
  1946 | D:2      | Reached XP level 4. HP: 23/34 MP: 13/13
  2084 | D:2      | Found a shadowy altar of Dithmenos.
  3016 | D:3      | Reached skill level 1 in Conjurations
  3016 | D:3      | Reached skill level 1 in Hexes
  3016 | D:3      | Reached skill level 1 in Charms
  3016 | D:3      | Reached skill level 1 in Summonings
  3016 | D:3      | Reached skill level 1 in Necromancy
  3016 | D:3      | Reached skill level 1 in Translocations
  3016 | D:3      | Reached skill level 1 in Transmutations
  3016 | D:3      | Reached skill level 1 in Fire Magic
  3016 | D:3      | Reached skill level 1 in Ice Magic
  3016 | D:3      | Reached skill level 1 in Air Magic
  3016 | D:3      | Reached skill level 1 in Earth Magic
  3016 | D:3      | Reached skill level 1 in Poison Magic
  3056 | D:3      | Learned a level 3 spell: Conjure Flame
  3060 | D:3      | Learned a level 3 spell: Mephitic Cloud
  3063 | D:3      | Learned a level 2 spell: Slow
  3234 | D:4      | Found a staircase to the Ecumenical Temple.
  3721 | D:3      | Reached XP level 5. HP: 40/40 MP: 14/14
  3885 | D:3      | Noticed Ijyb
  3933 | D:3      | Killed Ijyb
  4086 | Temple   | Entered the Ecumenical Temple
  4166 | Temple   | Became a worshipper of Ashenzari the Shackled
  4625 | D:4      | Noticed dscm's ghost (amateur DsNe)
  4848 | D:4      | Reached XP level 6. HP: 47/47 MP: 16/16
  4862 | D:4      | Found a stormy altar of Qazlal.
  4865 | D:4      | Noticed a water elemental
  4865 | D:4      | Noticed an air elemental
  4865 | D:4      | Noticed a fire elemental
  4977 | D:4      | Found a shimmering altar of Xom.
  5114 | D:4      | Killed dscm's ghost
  5158 | D:4      | Reached skill level 5 in Long Blades
  5528 | D:5      | Entered Level 5 of the Dungeon
  5769 | D:5      | Noticed an orc warrior
  5812 | D:5      | Slain by a hornet zombie

Skill      XL: |  1  2  3  4  5  6 |
---------------+-------------------+-----
Stealth        | 6 |  6.3
Invocations    | 1 2 |  2.3
Short Blades   | 1 2 |  2.1
Axes           | 1 2 |  2.1
Maces & Flails | 1 2 |  2.1
Polearms       | 1 2 |  2.1
Staves         | 1 2 |  2.1
Slings         | 1 2 |  2.1
Bows           | 1 2 |  2.1
Crossbows      | 1 2 |  2.1
Throwing       | 1 2 |  2.1
Armour         | 1 2 |  2.1
Dodging        | 1 2 |  2.1
Unarmed Combat | 1 2 |  2.1
Evocations     | 1 2 |  2.1
Conjurations   | 1 |  1.6
Hexes          | 1 |  1.6
Charms         | 1 |  1.6
Summonings     | 1 |  1.6
Necromancy     | 1 |  1.6
Translocations | 1 |  1.6
Transmutations | 1 |  1.6
Fire Magic     | 1 |  1.6
Ice Magic      | 1 |  1.6
Air Magic      | 1 |  1.6
Earth Magic    | 1 |  1.6
Poison Magic   | 1 |  1.6
Fighting       | 3 |  3.3
Shields        | 3 |  3.3
Long Blades    | 5 |  5.0
Spellcasting   | |  7.4

Action                   |  1- 3 |  4- 6 || total
-------------------------+-------+-------++-------
Melee: Dagger            |   207 |   186 ||   393
       Bite              |    14 |    17 ||    31
       Punch             |       |     2 ||     2
       Flail             |       |    21 ||    21
 Cast: Call Imp          |     2 |    51 ||    53
       Conjure Flame     |       |     3 ||     3
       Mephitic Cloud    |       |     1 ||     1
Invok: Curse Item        |       |     2 ||     2
  Use: Scroll            |       |     2 ||     2
 Stab: Sleeping          |    11 |    11 ||    22
       Distracted        |       |     1 ||     1
  Eat: Chunk             |     3 |     6 ||     9
       Ration            |       |     2 ||     2
Armor: Robe              |    77 |    25 ||   102
       Leather armour    |       |    32 ||    32
Dodge: Dodged            |   175 |   125 ||   300
